General information
- name: BNet
- type: Ladder 1vs1/FFA
- host: Battle.net
- saver: boba.0
map: LostTemple
- players: 2
- length: 20:59
- speed: Fast
- version: 1.24 W3XP
- replay type: Public
» download(57 KB)
Players
team 1 (loser)
broon (
pink | 30 APM | 619 actions | 20:58)
3 Blademaster
1 Wind Walk
2 Critical Strike
1 Far Seer
1 Feral Spirit
» actions
| Assign group hotkey | 3 | |
| Build / train | 51 | |
| Enter build submenu | 22 | |
| Enter hero's abilities submenu | 4 | |
| Remove unit from queue | 2 | |
| Right click | 217 | |
| Select / deselect | 270 | |
| Select group hotkey | 4 | |
| Use ability | 45 | |
619 total
» units
| Peon | 8 | |
| Grunt | 8 | |
| Troll Headhunter/Berserker | 6 | |
| Wind Rider | 3 | |
| Demolisher | 4 | |
| Raider | 2 | |
31 total
» upgrades
| Melee Weapons | 1 | |
| Armor | 1 | |
| Ranged Weapons | 1 | |
| Pillage | 1 | |
| Berserker Strength | 1 | |
5 total
» buildings
| Orc Burrow | 9 | |
| Altar of Storms | 1 | |
| Barracks | 1 | |
| War Mill | 1 | |
| Stronghold | 1 | |
| Fortress | 1 | |
| Beastiary | 1 | |
| Voodoo Lounge | 1 | |
| Watch Tower | 5 | |
21 total
» build order
00:08 Orc Burrow
00:12 Altar of Storms
00:19 Barracks
02:11 Orc Burrow
04:19 War Mill
05:13 Orc Burrow
05:34 Stronghold
05:52 Orc Burrow
07:08 Orc Burrow
08:20 Fortress
08:28 Beastiary
09:57 Voodoo Lounge
11:06 Orc Burrow
12:40 Orc Burrow
13:19 Watch Tower
14:01 Watch Tower
14:09 Watch Tower
14:47 Orc Burrow
15:19 Watch Tower
16:27 Watch Tower
17:53 Orc Burrow
» items
| Scroll of Speed | 1 | |
| Healing Salve | 2 | |
| Potion of Healing | 1 | |
| Orb of Lightning | 1 | |
5 total
team 2 (winner)
boba.0 (
green | 69 APM | 1452 actions | 20:59)
4 Blademaster
2 Wind Walk
2 Critical Strike
4 Tauren Chieftain
2 Shockwave
2 Endurance Aura
» actions
| Assign group hotkey | 27 | |
| Basic commands | 53 | |
| Build / train | 56 | |
| ESC pressed | 2 | |
| Enter build submenu | 36 | |
| Enter hero's abilities submenu | 8 | |
| Give item / drop item | 2 | |
| Right click | 769 | |
| Select / deselect | 290 | |
| Select group hotkey | 122 | |
| Use ability | 87 | |
1452 total
» units
| Peon | 14 | |
| Wind Rider | 6 | |
| Troll Batrider | 1 | |
| Goblin Zeppelin | 1 | |
| Goblin Shredder | 1 | |
23 total
» upgrades
| Spiked Barricades | 2 | |
| Reinforced Defenses | 1 | |
| Ranged Weapons | 1 | |
| Envenomed Spears | 1 | |
| Liquid Fire | 1 | |
6 total
» buildings
| Altar of Storms | 1 | |
| Voodoo Lounge | 2 | |
| Orc Burrow | 5 | |
| War Mill | 1 | |
| Watch Tower | 17 | |
| Stronghold | 1 | |
| Beastiary | 2 | |
| Fortress | 1 | |
| Great Hall | 1 | |
31 total
» build order
00:05 Altar of Storms
00:17 Voodoo Lounge
00:24 Orc Burrow
01:10 War Mill
01:31 Orc Burrow
02:47 Watch Tower
02:50 Watch Tower
03:29 Stronghold
05:19 Orc Burrow
05:25 Watch Tower
05:26 Watch Tower
05:30 Watch Tower
05:54 Beastiary
06:04 Beastiary
07:16 Watch Tower
07:18 Watch Tower
07:23 Watch Tower
08:07 Orc Burrow
10:47 Fortress
12:10 Watch Tower
14:39 Watch Tower
14:41 Watch Tower
14:42 Watch Tower
14:43 Watch Tower
15:23 Watch Tower
16:33 Watch Tower
18:21 Orc Burrow
19:15 Watch Tower
19:16 Watch Tower
19:22 Great Hall
19:25 Voodoo Lounge
» items
| Healing Salve | 3 | |
| Lesser Clarity Potion | 5 | |
| Potion of Healing | 1 | |
| Boots of Speed | 1 | |
| Potion of Lesser Invulnerability | 1 | |
| Dust of Appearance | 1 | |
| Periapt of Vitality | 1 | |
| Scroll of Healing | 1 | |
14 total
Chat log
(20:54 / All) broon: ur the biggest fagget ive ever played i swear on my daughter.
(20:57 / All) boba.0: U mad